 Dungeon Crawl Stone Soup version 0.29-a0-1039-gfc20370e89 (webtiles) character file.

Game seed: 3903713368287229257

164 DungeonMaster the Trooper (level 5, -2/41 HPs)
             Began as a Demonspawn Wanderer on Aug 15, 2022.
             Slain by an orc priest
             ... wielding a +0 trident
              (3 damage)
             ... on level 3 of the Dungeon.
             The game lasted 00:04:55 (3217 turns).

DungeonMaster the Trooper (Demonspawn Wanderer)     Turns: 3217, Time: 00:04:56

Health: -2/41      AC: 11    Str: 11    XL:     5   Next: 21%
Magic:  6/6        EV: 11    Int: 12    God:
Gold:   146        SH:  4    Dex: 17    Spells: 5/6 levels left

rFire   . . .      SeeInvis .   a - +2 rapier (elec)
rCold   . . .      Faith    .   (no shield)
rNeg    + . .      Spirit   .   k - +0 ring mail
rPois   .          Reflect  .   i - +2 helmet
rElec   .          Harm     .   (no cloak)
rCorr   .          Rampage  .   l - +0 pair of gloves
Will    .....                   j - +1 pair of boots
Stlth   +.........              (no amulet)
HPRegen 0.13/turn               o - ring of positive energy
MPRegen 0.10/turn               (no ring)

@: no status effects
A: spiny 2, condensation shield
a: no special abilities


You were on level 3 of the Dungeon.
You visited 1 branch of the dungeon, and saw 3 of its levels.

You collected 146 gold pieces.

Inventory:

Hand Weapons
 a - a +2 rapier of electrocution (weapon)
Missiles
 h - 10 poisoned darts
Armour
 i - a +2 helmet (worn)
 j - a +1 pair of boots (worn)
 k - a +0 ring mail (worn)
 l - a +0 pair of gloves (worn)
Jewellery
 o - a ring of positive energy (left hand)
Wands
 b - a wand of polymorph (3)
Scrolls
 g - a scroll of identify
Potions
 c - 2 potions of curing
 d - a potion of heal wounds
 e - a potion of brilliance {unknown}
 f - a potion of berserk rage
 n - a potion of might


   Skills:
 * Level 3.5 Fighting
 - Level 1.0 Polearms
 * Level 2.2 Armour
 * Level 2.4 Dodging
 - Level 1.0 Stealth
 - Level 1.0 Spellcasting
 - Level 1.7 Air Magic
 - Level 3.0 Evocations


You had 5 spell levels left.
You knew the following spells:

 Your Spells              Type           Power      Damage    Failure   Level
a - Shock                 Conj/Air       8%         1d3       45%         1

Your spell library contained the following spells:

 Spells                   Type           Power      Damage    Failure   Level
 Necrotise                Necr           0%         1d4       56%         1
 Static Discharge         Conj/Air       2%         3-4/arc   58%         2
 Swiftness                Air            4%         N/A       71%         3
 Stone Arrow              Conj/Erth      0%         3d7       91%         3
 Vampiric Draining        Necr           0%         2d6       91%         3
 Animate Armour           Summ/Erth      0%         N/A       100%        4
 Agony                    Necr           0%         N/A       100%        5
 Fireball                 Conj/Fire      0%         3d3       100%        5
 Starburst                Conj/Fire      0%         6d3       100%        6
 Ignition                 Fire           0%         3d3       100%        8
 Lehudib's Crystal Spear  Conj/Erth      0%         10d2      100%        8


Dungeon Overview and Level Annotations

Branches:
Dungeon (3/15)

Altars:


Innate Abilities, Weirdness & Mutations

You are mostly covered in sharp spines.
A meltable shield of frost defends you. (SH +4)


Message History

The orc priest is lightly wounded.
The orc priest begins to cast a cantrip, but forgets the words!
The orc is struck by your spines. The orc hits you but does no damage.
You hit the orc.
You kill the orc!
The orc priest is struck by your spines.
The orc priest hits you with a +0 trident.
Something hits you but does no damage.
You have reached level 5!
Your demonic ancestry asserts itself...
Sharp spines emerge from more of your body.
You miss something.
The orc priest hits you but does no damage.
You hear some strange, mumbled words.
A magic dart appears from out of thin air!
The magic dart hits you but does no damage.
You hit the orc.
The orc is heavily wounded.
The orc priest hits you from afar with a +0 trident.
The orc hits you but does no damage. Something hits you.
You hit something. You block the orc priest's attack.
The orc hits you with a +0 hand axe. Something hits you but does no damage.
You puncture something! The orc priest barely misses you.
The orc barely misses you.
Reactivating autopickup.
You feel a bit more experienced. The orc is struck by your spines.
You kill the orc!
The orc priest calls down the wrath of Beogh upon you.
Beogh smites you!
* * * LOW HITPOINT WARNING * * *
Things that are here:
a +0 dagger; a +0 robe; a +0 dagger You hit the orc priest.
The orc priest is heavily wounded.
The orc priest mumbles some strange prayers to Beogh against you.
Beogh smites you!
* * * LOW HITPOINT WARNING * * *
The orc priest hits you with a +0 trident.
You die...

#.##........##.#..###.
#.##$..........#......
#<##...............##.
####†##........#......###
#...................###
#.##.##.########.#### #
#.##)# #. ..##.###### #
#### .####)@....# ###...
.. #.o.....# #..... #.
........... #.#.## ##
...........## #.#.##
#####.......# #.#...
#.#####.# #.#... #.# .#
#.#..# #. # #..... ####..


You could see an orc priest.

Vanquished Creatures
  A jelly (D:3)
  An orc wizard (D:3)
  2 adders
  3 worms
  5 orcs (D:3)
  6 ball pythons
  4 bats
  9 endoplasms
  2 giant cockroaches
  2 goblins
  4 hobgoblins
  11 jackals
  4 quokkas (D:2)
  3 frilled lizards
  8 kobolds
  7 rats
72 creatures vanquished.

Notes
Turn   | Place    | Note
-------+----------+-------------------------------------------
     0 | D:1      | DungeonMaster the Demonspawn Wanderer began the quest for
                  | the Orb.
     0 | D:1      | DungeonMaster set off with the following items: a +0 spear,
                  | a wand of polymorph (3), a potion of curing, a +0 robe; and
                  | the following spell memorised: Shock; and the following
                  | spells available to memorise: Static Discharge, Swiftness.
     0 | D:1      | Reached XP level 1. HP: 16/16 MP: 2/2
   456 | D:1      | Gained mutation: A meltable shield of frost defends you.
                  | (SH +4) [demonic ancestry]
   456 | D:1      | Reached XP level 2. HP: 23/23 MP: 3/3
   547 | D:1      | Reached skill level 1 in Dodging
  1622 | D:2      | Found a faded altar of an unknown god.
  1650 | D:2      | Reached skill level 1 in Armour
  1885 | D:2      | Reached XP level 3. HP: 28/28 MP: 4/4
  2825 | D:3      | Gained mutation: You are partially covered in sharp spines.
                  | [demonic ancestry]
  2825 | D:3      | Reached XP level 4. HP: 31/35 MP: 5/5
  3212 | D:3      | Gained mutation: You are mostly covered in sharp spines.
                  | [demonic ancestry]
  3212 | D:3      | Reached XP level 5. HP: 31/41 MP: 6/6
  3217 | D:3      | HP: 1/41 [orc priest/divine providence (11)]
  3217 | D:3      | Slain by an orc priest

Illustrated notes

Levels and vault maps discovered:
D:1:      onia_arrival_mini_spirals, layout_loops_corners,
          hangedman_decor_points, amcnicky_mini_corridor_feature, minivault_24
D:2:      layout_loops_ring, hellmonk_ecumenical_altar_lost_god,
          serial_park_tiny_1, hangedman_glass_teeth
D:3:      layout_loops_cross, serial_shops,
          nicolae_shop_temple_entry_statues_fountains

Skill      XL: |  1  2  3  4 |
---------------+-------------+-----
Dodging        | 1 2 |  2.4
Armour         | 1 2 |  2.2
Fighting       | 3 |  3.5
Polearms       | |  1.0
Stealth        | |  1.0
Spellcasting   | |  1.0
Air Magic      | |  1.7
Evocations     | |  3.0

Action                   |  1- 3 |  4- 6 || total
-------------------------+-------+-------++-------
Melee: Rapier            |   145 |    45 ||   190
       Spear             |     2 |       ||     2
       Punch             |     2 |       ||     2
  Use: Scroll            |     9 |       ||     9
 Stab: Sleeping          |     1 |     2 ||     3
Armor: Robe              |     6 |       ||     6
       Chain mail        |     6 |       ||     6
       Ring mail         |    48 |    21 ||    69
Dodge: Dodged            |    69 |    20 ||    89
Block: Other             |    15 |    11 ||    26

Table legend: (Time is in decaauts)
 A = Elapsed time spent in this place.
 B = Non-inter-level travel time spent in this place.
 C = Inter-level travel time spent in this place.
 D = Time resting spent in this place.
 E = Time spent auto-exploring this place.
 F = Levels seen in this place.
 G = Mean time per level.
                   A        B        C        D        E       F      G
               +--------+--------+--------+--------+--------+-----+--------+
         Total |   3253 |   3193 |     60 |    490 |   2124 |   3 | 1084.3 |
       Dungeon |   3253 |   3193 |     60 |    490 |   2124 |   3 | 1084.3 |
               +--------+--------+--------+--------+--------+-----+--------+

Top non-repeatable levels by time:
     D:1: 1489 daAuts
     D:2: 1356 daAuts
     D:3: 407 daAuts
